 Dungeon Crawl Stone Soup version 0.17-a0-896-g249456b (webtiles) character file.

75 xeno23 the Ogre Mage (level 4, -8/45 HPs)
             Began as an Ogre Wizard on May 1, 2015.
             Mangled by Natasha (10 damage)
             ... on level 2 of the Dungeon.
             The game lasted 00:11:37 (1685 turns).

xeno23 the Ogre Mage (Ogre Wizard)                  Turns: 1685, Time: 00:11:55

Health: -8/45      AC:  6    Str: 13    XL:     4   Next: 31%
Magic:  3/10       EV: 11    Int: 17    God:
Gold:   86         SH:  0    Dex:  8    Spells: 5 memorised, 1 level left

rFire  . . .     SeeInvis .     g - +0 dagger
rCold  . . .     Clarity  .     a - +0 robe
rNeg   . . .     SustAb   .     (no shield)
rPois  .         Gourm    .     b - +0 hat
rElec  .         Spirit   .     i - +2 cloak
rCorr  .         Warding  .     (gloves unavailable)
rMut   .         Stasis   .     (boots unavailable)
MR     .....                    (no amulet)
Stlth  +.........               (no ring)
                                u - +2 ring of evasion

@: repel missiles, not resistant to hostile enchantments, very unstealthy
A: unfitting armour, tough skin 1
a: no special abilities


You were on level 2 of the Dungeon.
You were not hungry.

You visited 1 branch of the dungeon, and saw 2 of its levels.

You collected 86 gold pieces.

Inventory:

Hand weapons
 e - a +0 club
 g - a +0 dagger (weapon)
 o - a +0 trident
Missiles
 s - a throwing net (quivered)
Armour
 a - a +0 robe (worn)
 b - a +0 hat (worn)
 i - a +2 cloak (worn)
Jewellery
 u - a +2 ring of evasion (left hand)
Magical devices
 r - a wand of slowing (31)
Scrolls
 f - 3 scrolls of remove curse {unknown}
 h - 2 scrolls of enchant weapon {unknown}
 k - 2 scrolls of magic mapping {unknown}
 m - 2 scrolls of teleportation {unknown}
 n - a scroll of noise {unknown}
 t - a scroll of identify {unknown}
Potions
 j - a potion of might {unknown}
 p - a potion of lignification {unknown}
 q - a potion of curing {unknown}
 w - a potion of heal wounds {unknown}
Books
 c - a book of Minor Magic

   Spells                             Type                      Level
   a - Magic Dart                     Conjuration                  1
   b - Blink                          Translocation                2
   c - Call Imp                       Summoning                    2
   d - Repel Missiles                 Charms/Air                   2
   e - Slow                           Hexes                        2
   f - Conjure Flame                  Conjuration/Fire             3
   g - Mephitic Cloud                 Conjuration/Poison/Air       3
Comestibles
 d - a bread ration
 l - a chunk of flesh
 v - a meat ration


   Skills:
 - Level 3.1 Fighting
 + Level 2.2 Maces & Flails
 - Level 1.7 Dodging
 - Level 1.5 Stealth
 + Level 4.4 Spellcasting
 - Level 0.6 Conjurations
 - Level 0.6 Summonings
 - Level 0.6 Translocations


You had one spell level left.
You knew the following spells:

 Your Spells              Type           Power        Failure   Level  Hunger
a - Magic Dart            Conj           #...         14%         1    None
b - Blink                 Tloc           N/A          21%         2    ##.....
c - Call Imp              Summ           #.......     21%         2    ##.....
d - Conjure Flame         Conj/Fire      #.......     47%         3    ###....
r - Repel Missiles        Chrm/Air       #.....       24%         2    ##.....


Dungeon Overview and Level Annotations

Branches:
Dungeon (2/15)

Altars:

Annotations:
D:2 Natasha


Innate Abilities, Weirdness & Mutations

You are too large for most types of armour.
You have tough skin (AC +1).


Message History

Natasha stares at you and mumbles some strange words.
The magic dart hits you!
* * * LOW HITPOINT WARNING * * *
Your crimson imp hits Natasha.
Your shadow imp barely misses Natasha.
Natasha zaps a wand.
The puff of flame hits you!
* * * LOW HITPOINT WARNING * * *
Your crimson imp barely misses Natasha.
You take 13 damage.
Casting: Call Imp
Confirm with . or Enter, or press ? or * to list all spells.
Aiming: Magic Dart
Press: ? - help, Shift-Dir - straight line, f - Natasha
Aim: Natasha, carrying a wand of flame {zapped: 4} (almost dead)
The magic dart hits Natasha.
Natasha is almost dead.
Your shadow imp closely misses Natasha.
Natasha casts a spell.
You have a terrible headache.
Natasha claws you!
You die...

#..### ##.....#....(...)..
###.## ###..######......#
####...# ####>...# #..####.#
.....### ####....##.##..## #..
.##### #....#####.##.# ##.
############.###........h ##
#.........#.###.#### #.###
#.........#.##..5..###...#######
#...........).(@h5..#...........
#...........###..5....###..#####
#.........### #......## ##.#
#..(......# #.....## #.#
#.........# #.....# #.#
#.........# #.....# ###
#.........# ##...## ###########
#####


You could see Natasha, 2 friendly crimson imps and a friendly shadow imp.

Vanquished Creatures
  2 adders (D:2)
  2 giant geckos (D:1)
  A ball python (D:2)
  7 bats
  2 goblins
  5 hobgoblins
  6 kobolds
  2 giant newts (D:1)
  7 rats
34 creatures vanquished.

Vanquished Creatures (collateral kills)
  Natasha (twice) (D:2)
2 creatures vanquished.

Grand Total: 36 creatures vanquished

Notes
Turn   | Place    | Note
--------------------------------------------------------------
     0 | D:1      | xeno23, the Ogre Wizard, began the quest for the Orb.
     0 | D:1      | Reached XP level 1. HP: 16/16 MP: 5/5
    25 | D:1      | Reached skill level 1 in Fighting
   174 | D:1      | Reached XP level 2. HP: 28/28 MP: 3/6
   178 | D:1      | Learned a level 2 spell: Blink
   181 | D:1      | Learned a level 2 spell: Call Imp
   184 | D:1      | Learned a level 2 spell: Repel Missiles
   562 | D:1      | Reached skill level 1 in Maces & Flails
   595 | D:1      | Reached XP level 3. HP: 28/36 MP: 5/8
   875 | D:2      | Reached skill level 4 in Spellcasting
   882 | D:2      | Noticed Natasha
  1008 | D:2      | Killed Natasha
  1292 | D:2      | Noticed Natasha
  1302 | D:2      | Killed Natasha
  1302 | D:2      | Reached XP level 4. HP: 37/45 MP: 6/10
  1323 | D:2      | Learned a level 3 spell: Conjure Flame
  1674 | D:2      | Noticed Natasha
  1684 | D:2      | HP: 2/45 [Natasha/wand of flame (10)]
  1685 | D:2      | Mangled by Natasha

Action                   |  1- 3 |  4- 6 || total
-------------------------+-------+-------++-------
Melee: Unarmed           |     5 |       ||     5
       Dagger            |    94 |    54 ||   148
       Club              |     3 |       ||     3
 Cast: Magic Dart        |    39 |     6 ||    45
       Repel Missiles    |     1 |       ||     1
       Call Imp          |     3 |     3 ||     6
 Stab: Sleeping          |     1 |       ||     1
  Eat: Chunk             |     1 |     2 ||     3
